 Dungeon Crawl Stone Soup version 0.26-b1-32-g5d43845318 (webtiles) character file.

Game seed: 2941705018263811713

2435 Borgoz the Ducker (level 9, -1/74 HPs)
             Began as a Ghoul Gladiator on Jan 13, 2021.
             Slain by a wraith (10 damage)
             ... on level 7 of the Dungeon.
             The game lasted 00:12:11 (8177 turns).

Borgoz the Ducker (Ghoul Gladiator)                 Turns: 8177, Time: 00:12:12

Health: -1/74      AC:  8    Str: 19    XL:     9   Next: 49%
Magic:  8/8        EV: 14    Int:  3    God:
Gold:   362        SH:  0    Dex: 12    Spells: 8/8 levels left

rFire    . . .     SeeInvis .   a - +0 long sword
rCold    + . .     Faith    .   (no shield)
rNeg     + + +     Spirit   .   h - +0 ring mail
rPois    ∞         Reflect  .   c - +0 helmet
rElec    .         Harm     .   (no cloak)
rCorr    .         Rampage  .   (no gloves)
Will     .....                  m - +0 pair of boots
Stlth    +.........             (no amulet)
HPRegen  0.00/turn              (no ring)
MPRegen  0.11/turn              (no ring)

@: slowed, very slow
A: claws 1, cold resistance 1, negative energy resistance 3, inhibited
regeneration, torment resistance, unbreathing
a: no special abilities


You were on level 7 of the Dungeon.
You visited 2 branches of the dungeon, and saw 8 of its levels.

You collected 362 gold pieces.

Inventory:

Hand Weapons
 a - a +0 long sword (weapon)
 k - the +1 war axe of Xuozel {venom, Stlth+}
   (You found it on level 5 of the Dungeon)

   It poisons the flesh of those it strikes.
   It makes you more stealthy.
Missiles
 d - 2 throwing nets (quivered)
Armour
 c - a +0 helmet (worn)
 h - a +0 ring mail (worn)
 m - a +0 pair of boots (worn)
Wands
 o - a wand of digging (4)
Scrolls
 e - 3 scrolls of remove curse
 f - 2 scrolls of teleportation
 g - a scroll of identify
Potions
 b - 3 potions of flight
 n - a potion of haste {unknown}
 p - a potion of resistance {unknown}
 s - a potion of cancellation


   Skills:
 + Level 5.5 Fighting
 * Level 6.6 Long Blades
 - Level 1.7 Throwing
 * Level 6.0 Armour
 * Level 6.7 Dodging


You had 8 spell levels left.
You didn't know any spells.
Your spell library was empty.

Dungeon Overview and Level Annotations

Branches:
Dungeon (7/15)             Temple (1/1) D:5

Altars:
Dithmenos
Elyvilon
Fedhas
Gozag
Hepliaklqana
Kikubaaqudgha
Makhleb
Nemelex Xobeh
Okawaru
Qazlal
Ru
Sif Muna
Trog
Uskayaw
Vehumet
Wu Jian
Xom
Yredelemnul
Zin
The Shining One

Shops:
D:5 (   D:6 :

Annotations:
D:5 2 transporters, Hyawatha's ghost, amateur DsAK


Innate Abilities, Weirdness & Mutations

You thrive by killing the living.
You are immune to poison.
You have sharp fingernails.
Your flesh is cold resistant. (rC+)
You are immune to negative energy. (rN+++)
You do not regenerate when monsters are visible.
You are immune to unholy pain and torment.
You can survive without breathing.


Message History

The wraith misses you.
You riposte.
You closely miss the wraith.
The wraith is heavily damaged.
The wraith barely misses you.
You slash the wraith!
The wraith is almost destroyed.
The wraith hits you.
* * * LOW HITPOINT WARNING * * *
The wraith drains your vigour!
You feel as though you will be slow longer.
You hit the wraith but do no damage.
The wraith is almost destroyed.
The wraith closely misses you.
You riposte.
You hit the wraith but do no damage.
The wraith is almost destroyed.
The wraith hits you.
* * * LOW HITPOINT WARNING * * *
You hit the wraith but do no damage.
The wraith is almost destroyed.
The wraith hits you!
You die...

#.# #.########.#.. #.#
#.# #..# #.########.##
##.##
#......##...######<.#
######....#.........##
#.
####...##...#.#.###..
#..................#
#.###.#######.....## #
#.@## #..#### #.#W.#
#...# ## ### #...# #
#...# . #...# #
#........ #.)######
#.).oW... #.)######


You could see a wraith.

Vanquished Creatures
  Grinder (D:4)
  2 wraiths (D:7)
  Menkaure (D:4)
  Edmund (D:6)
  A phantom (D:4)
  A sky beast (D:7)
  An ogre (D:4)
  2 centaurs
  5 big kobolds (D:5)
  A bullfrog (D:6)
  2 vampire bats (D:7)
  A howler monkey (D:4)
  2 bullfrog skeletons
  2 hounds
  3 orc priests
  2 orc wizards
  4 worker ants
  2 hound zombies
  2 hound skeletons
  4 gnolls
  A howler monkey skeleton (D:5)
  7 adders
  A white imp (D:4)
  An ufetubus (D:7)
  An ooze (D:1)
  2 adder skeletons (D:6)
  2 worms (D:2)
  4 dart slugs
  6 leopard geckos
  14 orcs
  14 bats
  2 bat skeletons (D:7)
  3 bat zombies (D:7)
  17 giant cockroaches
  3 goblins
  11 hobgoblins
  3 jackals (D:6)
  44 kobolds
  4 quokkas
  3 ball pythons (D:2)
  5 frilled lizards
  A giant cockroach zombie (D:6)
  A jackal skeleton (D:4)
  A leopard gecko skeleton (D:6)
  A quokka skeleton (D:6)
  9 rats
201 creatures vanquished.

Vanquished Creatures (others)
  21 plants (D:1)
21 creatures vanquished.

Grand Total: 222 creatures vanquished

Notes
Turn   | Place    | Note
-------+----------+-------------------------------------------
     0 | D:1      | Borgoz the Ghoul Gladiator began the quest for the Orb.
     0 | D:1      | Reached XP level 1. HP: 17/17 MP: 0/0
   295 | D:1      | Reached XP level 2. HP: 25/25 MP: 1/1
   339 | D:1      | Reached skill level 1 in Armour
   339 | D:1      | Reached XP level 3. HP: 27/30 MP: 2/2
  1013 | D:2      | Found an iron altar of Okawaru.
  1110 | D:2      | Reached XP level 4. HP: 37/37 MP: 3/3
  1403 | D:2      | Reached XP level 5. HP: 22/44 MP: 4/4
  1757 | D:2      | Found a faded altar of an unknown god.
  2437 | D:3      | Reached XP level 6. HP: 39/51 MP: 5/5
  2730 | D:3      | Found a hazy altar of Hepliaklqana.
  2986 | D:4      | Noticed Menkaure
  2994 | D:4      | Killed Menkaure
  2995 | D:4      | Reached XP level 7. HP: 33/57 MP: 6/6
  3242 | D:4      | You fall into a shaft and drop 1 floor!
  3242 | D:5      | Entered Level 5 of the Dungeon
  3245 | D:5      | Found a staircase to the Ecumenical Temple.
  3271 | Temple   | Entered the Ecumenical Temple
  3356 | D:5      | Found a transporter.
  4109 | D:4      | Found a stormy altar of Qazlal.
  4109 | D:4      | Found a bloodstained altar of Trog.
  4211 | D:4      | Noticed Grinder
  4236 | D:4      | Killed Grinder
  4472 | D:4      | Reached skill level 5 in Long Blades
  4472 | D:4      | Reached skill level 5 in Dodging
  4582 | D:5      | Got a faintly glowing war axe
  4635 | D:5      | Found Xiceg's Weapon Shoppe.
  4650 | D:4      | Identified the cursed +1 war axe of Xuozel {venom, Stlth+}
                  | (You found it on level 5 of the Dungeon)
  4722 | D:4      | Reached XP level 8. HP: 66/66 MP: 7/7
  5054 | D:5      | Found a transporter.
  5054 | D:5      | Noticed Hyawatha's ghost (amateur DsAK)
  5195 | D:5      | Found a shimmering blue altar of Sif Muna.
  6012 | D:6      | Reached skill level 5 in Armour
  6030 | D:6      | Found a basalt altar of Yredelemnul.
  6500 | D:6      | Noticed Edmund
  6526 | D:6      | Killed Edmund
  6527 | D:6      | Reached skill level 5 in Fighting
  6527 | D:6      | Reached XP level 9. HP: 29/74 MP: 8/8
  6818 | D:6      | Found Tibuvi's Book Shop.
  7313 | D:7      | HP: 2/74 [wraith (4)]
  7721 | D:7      | Found an ancient bone altar of Kikubaaqudgha.
  8177 | D:7      | Slain by a wraith

Illustrated notes

Levels and vault maps discovered:
D:1:      mrwooster_arrival_arrow, layout_basic, serial_bayou_ford_a
D:2:      cheibrodos_pilgrimage, layout_loops_ring, lemuel_round_altar,
          chequers_ecumenical_altar_island, serial_forest,
          infiniplex_forest_lined_3, infiniplex_forest_clump_double,
          infiniplex_forest_lined_1, infiniplex_forest_clump_curved,
          infiniplex_forest_lined_2, infiniplex_forest_lined_room_2
D:3:      minmay_roachtagon, layout_basic, nzn_hepliaklqana_mist_gate,
          nrook_uturn
D:4:      layout_cave_pods, amethyst_overflow_temple_binary, fountainhead,
          uniq_menkaure, uniq_grinder
D:5:      minmay_goblin_kobold_castle, layout_gridville,
          minmay_temple_entry_crystal_x, serial_shops, shop,
          gammafunk_ghost_arena, lemuel_blue_sif_altar
D:6:      layout_loops_ring, general_overflow_altar, serial_shops, shop,
          minmay_misc_feat_x, uniq_edmund
D:7:      layout_loops_ring, kennysheep_vampire_church, cheibriados_altar_1,
          minmay_guarded_unrand_finisher
Temple:   nicolae_temple_great_sept

Skill      XL: |  1  2  3  4  5  6  7  8  9 |
---------------+----------------------------+-----
Long Blades    | 3 4 5 6 |  6.6
Dodging        | 3 4 5 6 |  6.7
Armour         | 1 2 3 4 5 6 |  6.0
Fighting       | 3 4 5 |  5.5
Throwing       | |  1.7

Action                   |  1- 3 |  4- 6 |  7- 9 || total
-------------------------+-------+-------+-------++-------
Melee: Long sword        |    98 |   169 |   478 ||   745
Throw: Throwing net      |     1 |       |     2 ||     3
  Use: Potion            |       |     2 |    10 ||    12
       Scroll            |       |     4 |    10 ||    14
Armor: Leather armour    |    39 |       |       ||    39
       Ring mail         |    11 |    68 |   211 ||   290
Dodge: Dodged            |    82 |   107 |   465 ||   654
Block: Buckler           |     4 |    42 |    16 ||    62
       Rpst.: Long sword |    29 |    33 |   148 ||   210
